 Dungeon Crawl Stone Soup version 0.31.0-1-g2c135a0 (webtiles) character file.

Game seed: 5717538524410061113

1175 jagoly the Chopper (level 8, 0/51 HPs)
             Began as a Gargoyle Monk on Feb 1, 2024.
             Killed from afar by a centaur (7 damage)
             ... with a puff of flame
             ... on level 5 of the Dungeon.
             The game lasted 00:22:12 (2171 turns).

jagoly the Chopper (Gargoyle Monk)                  Turns: 2171, Time: 00:22:12

Health: 0/51       AC: 22    Str: 16    XL:     8   Next: 41%
Magic:  8/8        EV:  8    Int: 12    God:
Gold:   153        SH:  0    Dex: 12    Spells: 7/7 levels left

rFire   . . .        a - +0 broad axe
rCold   + . .        d - orb {light}
rNeg    + . .        g - +0 chain mail
rPois   ∞            j - +1 helmet
rElec   +            n - +0 cloak
rCorr   .            (no gloves)
SInv    .            w - +2 pair of boots
Will    .....        (no amulet) Stlth
                     y - ring of protection from cold
HPRegen 0.28/turn    (no ring)
MPRegen 0.11/turn

%: no passive effects
@: glowing
A: sickness immunity, AC +5, negative energy resistance 1, electricity
resistance, torment resistance 1, petrification resistance
a: no special abilities


You were on level 5 of the Dungeon.
You visited 1 branch of the dungeon, and saw 6 of its levels.

You collected 177 gold pieces.
You spent 24 gold pieces at shops.

Inventory:

Hand Weapons
 a - a +0 broad axe (weapon)
 z - a +2 heavy flail
Missiles
 o - 8 boomerangs
 s - 6 poisoned darts
 u - 16 stones (quivered)
 B - 4 atropa-tipped darts
Armour
 d - an orb of light (worn)
 g - a +0 chain mail (worn)
 j - a +1 helmet (worn)
 n - a +0 cloak (worn)
 w - a +2 pair of boots (worn)
Jewellery
 c - a ring of positive energy
 f - a ring of wizardry
 y - a ring of protection from cold (left hand)
Wands
 A - a wand of mindburst (2)
Scrolls
 e - 2 scrolls of identify
 l - 2 scrolls of silence
 m - a scroll of revelation {unknown}
 p - a scroll of summoning {unknown}
 q - 2 scrolls of teleportation
 t - a scroll of brand weapon {unknown}
 x - a scroll of fog {unknown}
Potions
 b - a potion of mutation {unknown}
 i - 2 potions of attraction
 k - 2 potions of enlightenment
 r - a potion of curing {unknown}
 v - a potion of brilliance {unknown}


   Skills:
 + Level 6.1 Fighting
 * Level 6.7 Axes
 + Level 5.0 Armour
 - Level 3.0 Dodging
 - Level 1.0 Stealth


You had 7 spell levels left.
You didn't know any spells.
Your spell library was empty.

Dungeon Overview and Level Annotations

Branches:
Dungeon (6/15) Zot: 26885
 Temple: D:4-7

Altars:

Shops:
D:2 ([*

Annotations:
D:4 Dowan, Duvessa, Edmund


Innate Abilities, Weirdness & Mutations

You are immune to sickness and miasma.
Your stone body is resilient. (AC +5)
You are immune to poison.
You resist negative energy. (rN+)
You are resistant to electric shocks. (rElec)
You are resistant to unholy torment.
You are immune to petrification.


Message History

This square is lit by a halo.
o - 5 boomerangs (gained 1)
Things that are here:
a +0 mace; a +0 scale mail; an orc corpse
Things that are here:
a +0 war axe; an orc corpse
As you read the scroll of identify, it crumbles to dust.
i - 2 potions of attraction The orc shouts!
You hear a shout!
You hit the orc.
The orc is heavily wounded.
The orc hits you but does no damage.
You hit the orc but do no damage.
The orc is heavily wounded.
The orc hits you but does no damage.
The orc throws a boomerang.
The boomerang completely misses you. The orc closely misses you.
You barely miss the orc.
The orc is heavily wounded.
You hit the orc. The orc hits you but does no damage.
The orc closely misses you.
You slash the orc!
You kill the orc!
You hit the orc.
You kill the orc!
Press: ? - help, v - describe, . - travel, g - get item
Items here: a +0 short sword; 3 boomerangs; a +0 chain mail.
The floor.
This square is lit by a halo.
o - 8 boomerangs (gained 3)
Things that are here:
a +0 short sword; a +0 chain mail
Things that are here:
a +0 short sword; a +0 chain mail Throw: 21 stones
Press: ? - help, Q - select action, (/) - cycle Shift-Dir - straight line, f - phantom
Aim: a phantom (43% to hit)
You throw a stone.
The stone hits the phantom but does no damage.
Throw: 20 stones
Press: ? - help, Q - select action, (/) - cycle Shift-Dir - straight line, f/p - phantom
Aim: a phantom (43% to hit)
You throw a stone. The stone closely misses the phantom.
Throw: 19 stones
Press: ? - help, Q - select action, (/) - cycle Shift-Dir - straight line, f/p - phantom
Aim: a phantom (43% to hit)
You throw a stone. The stone barely misses the phantom.
Throw: 18 stones
Press: ? - help, Q - select action, (/) - cycle Shift-Dir - straight line, f/p - phantom
Aim: a phantom (haloed, 64% to hit)
You throw a stone.
The stone hits the phantom but does no damage.
Throw: 17 stones
Press: ? - help, Q - select action, (/) - cycle Shift-Dir - straight line, f/p - phantom
Aim: a phantom (haloed, 64% to hit)
You throw a stone.
The stone hits the phantom but does no damage.
You barely miss the phantom. The phantom hits you.
The phantom blinks!
You blink.
The phantom hits you but does no damage.
You hit the phantom.
The phantom is moderately damaged.
The phantom barely misses you.
You closely miss the phantom.
The phantom is moderately damaged.
The phantom hits you.
The phantom blinks!
You blink.
You closely miss the phantom.
The phantom is moderately damaged.
The phantom hits you but does no damage. x2
You slash the phantom!
The phantom is heavily damaged.
The phantom hits you but does no damage.
You barely miss the phantom.
The phantom is heavily damaged.
The phantom barely misses you.
The phantom hits you but does no damage.
You hit the phantom.
The phantom is severely damaged.
The phantom hits you but does no damage.
You hit the phantom but do no damage.
The phantom is severely damaged.
The phantom hits you.
You closely miss the phantom.
The phantom is severely damaged.
The phantom hits you but does no damage. x2
You slash the phantom!
The phantom is almost destroyed.
The phantom barely misses you.
You hit the phantom but do no damage.
The phantom is almost destroyed.
The phantom completely misses you.
You hit the phantom but do no damage.
The phantom is almost destroyed.
The phantom hits you.
The phantom blinks!
You blink.
The phantom hits you but does no damage.
You hit the phantom.
The phantom is almost destroyed.
The phantom hits you but does no damage.
You slash the phantom!
You destroy the phantom!
Your Axes skill increases to level 5!
You have reached level 7!
Things that are here:
a +0 dagger; a +0 robe; an orc corpse HP restored.
A scorpion comes into view.
You barely miss the scorpion. The scorpion stings you.
You hit the scorpion.
The scorpion is moderately wounded.
The scorpion stings you but does no damage.
The scorpion barely misses you.
You slash the scorpion!
The scorpion is almost dead.
The scorpion stings you but does no damage.
The scorpion stings you.
You hit the scorpion but do no damage.
The scorpion is almost dead.
The scorpion stings you.
You barely miss the scorpion.
The scorpion is almost dead.
The scorpion stings you but does no damage.
The scorpion barely misses you.
You hit the scorpion.
You kill the scorpion!
Your Fighting skill increases to level 5!
You now have 153 gold pieces (gained 8).
Found 4 atropa-tipped darts.
HP restored.
You see here 4 atropa-tipped darts.
Throw: 16 stones
Press: ? - help, Q - select action, (/) - cycle Shift-Dir - straight line, f - you Marked for pickup.
Okay, then.
B - 4 atropa-tipped darts
Found a stone staircase leading down.
There is a stone staircase leading down here.
You climb downwards.
The steam dragon hisses angrily.
You hear a shout!
There is a stone staircase leading up here.
You climb upwards.
There is a stone staircase leading down here.
Unknown command.
The jelly quivers.
A jelly comes into view.
The jelly quivers.
You hit the jelly.
Your hands burn!
The jelly is moderately wounded.
The jelly hits you but does no damage. x2
You hit the jelly.
Your hands burn!
The jelly is moderately wounded.
The jelly closely misses you.
You hit the jelly.
Your hands burn!
The jelly is severely wounded.
The jelly barely misses you.
You hit the jelly. The acid corrodes you!
Your hands burn!
The jelly is severely wounded.
The jelly hits you but does no damage. The jelly hits you.
You are splashed with acid!
Okay, then.
Okay, then.
Press: ? - help, v - describe, . - travel
Here: a jelly (severely wounded, haloed)
The floor.
Cleave: a) +0 broad axe
Press: ? - help, Dir - move target, f - jelly
Aim: a jelly (severely wounded, haloed, about 3% to evade your +0 broad axe)
You hit the jelly.
Your hands burn!
* * * LOW HITPOINT WARNING * * *
The jelly is almost dead.
The jelly hits you but does no damage.
Cleave: a) +0 broad axe
Press: ? - help, Dir - move target, f/p - jelly
Aim: a jelly (almost dead, haloed, about 3% to evade your +0 broad axe)
You slash the jelly!
You kill the jelly!
The jelly hits you but does no damage.
Cleave: a) +0 broad axe
Press: ? - help, Dir - move target, f - jelly
Aim: a jelly (haloed, about 3% to evade your +0 broad axe)
Okay, then.
You are illuminated by a small divine halo.
You are corroded.
You are glowing.
Your movement speed is average.
Your attack delay is about 1.3.
Your damage rating with your +0 broad axe is about 17 (Base 13 x 115% (Str) x 119% (Skill)).
Unknown command.
Press: ? - help, v - describe, . - travel
Here: a jelly (haloed)
The floor.
Unknown command.
Okay, then.
Cleave: a) +0 broad axe
Press: ? - help, Dir - move target, f - jelly
Aim: a jelly (haloed, about 3% to evade your +0 broad axe)
You slash the jelly!
Your hands burn!
* * * LOW HITPOINT WARNING * * *
The jelly is severely wounded.
The jelly completely misses you.
Cleave: a) +0 broad axe
Press: ? - help, Dir - move target, f/p - jelly
Aim: a jelly (severely wounded, haloed, about 3% to evade your +0 broad axe)
You slash the jelly!
You kill the jelly!
A shadow imp comes into view.
A ribbon worm comes into view.
The ribbon worm moves out of view.
Cleave: a) +0 broad axe
Press: ? - help, Dir - move target, f - shadow imp
Aim: a shadow imp (wandering, hasn't noticed you, haloed, about 28% to evade your +0 broad axe)
The shadow imp shouts!
You hit the shadow imp.
The shadow imp is heavily wounded.
You hear a shout! x5
The shadow imp hits you.
* * * LOW HITPOINT WARNING * * *
The shadow imp hits you.
* * * LOW HITPOINT WARNING * * *
You hear a bark!
Cleave: a) +0 broad axe
Press: ? - help, Dir - move target, f/p - shadow imp
Aim: a shadow imp (heavily wounded, haloed, about 28% to evade your +0 broad axe)
You barely miss the shadow imp.
The shadow imp is heavily wounded.
The shadow imp hits you.
* * * LOW HITPOINT WARNING * * *
Cleave: a) +0 broad axe
Press: ? - help, Dir - move target, f/p - shadow imp
Aim: a shadow imp (heavily wounded, haloed, about 28% to evade your +0 broad axe)
You hit the shadow imp but do no damage.
The shadow imp is heavily wounded.
You are no longer corroded.
The shadow imp gestures at you. Pain shoots through your body!
* * * LOW HITPOINT WARNING * * *
Cleave: a) +0 broad axe
Press: ? - help, Dir - move target, f/p - shadow imp
Aim: a shadow imp (heavily wounded, haloed, about 28% to evade your +0 broad axe)
You hit the shadow imp.
The shadow imp is heavily wounded.
The shadow imp hits you but does no damage.
The shadow imp barely misses you.
Cleave: a) +0 broad axe
Press: ? - help, Dir - move target, f/p - shadow imp
Aim: a shadow imp (heavily wounded, haloed, about 28% to evade your +0 broad axe)
You hit the shadow imp but do no damage.
The shadow imp is heavily wounded.
The shadow imp hits you but does no damage.
Cleave: a) +0 broad axe
Press: ? - help, Dir - move target, f/p - shadow imp
Aim: a shadow imp (heavily wounded, haloed, about 28% to evade your +0 broad axe)
You slash the shadow imp!
You kill the shadow imp!
An orc comes into view. It is wielding a +0 club.
Cleave: a) +0 broad axe
Press: ? - help, Dir - move target, f - orc
Aim: an orc, wielding a +0 club (haloed, about 24% to evade your +0 broad axe)
You barely miss the orc. The orc hits you but does no damage.
The orc barely misses you.
Cleave: a) +0 broad axe
Press: ? - help, Dir - move target, f/p - orc
Aim: an orc, wielding a +0 club (haloed, about 24% to evade your +0 broad axe)
You barely miss the orc. The orc closely misses you.
Cleave: a) +0 broad axe
Press: ? - help, Dir - move target, f/p - orc
Aim: an orc, wielding a +0 club (haloed, about 24% to evade your +0 broad axe)
You hit the orc.
The orc is almost dead.
The orc hits you with a +0 club.
* * * LOW HITPOINT WARNING * * *
Cleave: a) +0 broad axe
Press: ? - help, Dir - move target, f/p - orc
Aim: an orc, wielding a +0 club (almost dead, haloed, about 24% to evade your +0 broad axe)
You barely miss the orc.
The orc is almost dead.
The orc completely misses you. The orc hits you with a +0 club.
* * * LOW HITPOINT WARNING * * *
Cleave: a) +0 broad axe
Press: ? - help, Dir - move target, f/p - orc
Aim: an orc, wielding a +0 club (almost dead, haloed, about 24% to evade your +0 broad axe)
You slash the orc!
You kill the orc!
The ribbon worm expels a string of sticky webbing.
The stream of webbing misses you.
You close the door, pushing everything out of the way.
Something unseen opens the door.
You are confused.
You feel invigorated.
Pikel, Merchant of Souls comes into view.
He is wielding a +2 whip of electrocution.
Press: ? - help, v - describe, . - travel
Here: Pikel, wielding a +2 whip of electrocution and wearing a +0 robe (haloed)
An open door.
You bump into the stone wall.
Pikel hits you but does no damage.
You bump into the rock wall.
A lemure comes into view.
Pikel hits you but does no damage.
You slash Pikel!
Pikel is moderately wounded.
You feel less invigorated.
You feel less confused.
Pikel says, "You'll burn in Gehenna!"
Pikel hits you but does no damage.
The ribbon worm expels a string of sticky webbing.
The stream of webbing hits you but does no damage.
You are caught in a web!
The web tears apart.
Pikel hits you but does no damage.
You slash Pikel!
Pikel is heavily wounded.
You hit the lemure but do no damage. You hit the ribbon worm.
Pikel hits you with a +2 whip of electrocution.
The lemure hits you but does no damage. The ribbon worm bites you.
* * * LOW HITPOINT WARNING * * *
Pikel closely misses you. The lemure hits you.
* * * LOW HITPOINT WARNING * * *
You hit Pikel.
Pikel is severely wounded.
You completely miss the ribbon worm. You hit the lemure but do no damage.
The ribbon worm bites you but does no damage.
Pikel says, "You'll feel the lick of my whip!"
Pikel hits you but does no damage. The lemure hits you but does no damage.
You barely miss Pikel.
Pikel is severely wounded.
You hit the ribbon worm. You completely miss the lemure.
Pikel hits you but does no damage.
The ribbon worm bites you but does no damage.
The lemure barely misses you.
You hit Pikel but do no damage.
Pikel is severely wounded.
You hit the lemure. You slash the ribbon worm! Pikel barely misses you.
The lemure hits you but does no damage.
The ribbon worm bites you but does no damage.
Pikel hits you but does no damage. The lemure barely misses you.
You slash Pikel!
Pikel is almost dead.
You slash the lemure! You slash the ribbon worm!
You kill the ribbon worm!
Pikel hits you but does no damage. The lemure completely misses you.
You hit Pikel.
You kill Pikel!
You hit the lemure.
With Pikel's spell broken, his former minion thanks you for its freedom.
The lemure departs this earthly plane.
Your Axes skill increases to level 6!
Your Armour skill increases to level 4!
You have reached level 8!
You feel clever.
Things that are here:
a +2 whip of electrocution; a +0 robe
There is an open door here.
The gnoll shouts!
You hear a bark!
You hear a shout!
The gnoll hits you but does no damage.
A black bear comes into view.
A gnoll comes into view.
It is wielding the +8 battleaxe "Yduquih" {drain, rElec Str+3 Int+2}.
The black bear growls angrily.
The gnoll hits you with a +0 whip.
* * * LOW HITPOINT WARNING * * *
There is an open door here.
You see here a ribbon worm corpse.
Cleave: a) +0 broad axe
Press: ? - help, Dir - move target, f - gnoll
Aim: a gnoll, wielding a +0 whip (haloed, about 19% to evade your +0 broad axe)
You barely miss the gnoll.
The gnoll hits you but does no damage. x2
Cleave: a) +0 broad axe
Press: ? - help, Dir - move target, f/p - gnoll
Aim: a gnoll, wielding a +0 whip (haloed, about 19% to evade your +0 broad axe)
You slash the gnoll!
You kill the gnoll!
The hound bites you but does no damage.
Cleave: a) +0 broad axe
Press: ? - help, Dir - move target, f - hound
Aim: a hound (haloed, about 35% to evade your +0 broad axe)
You slash the hound!
The hound is almost dead.
The hound barely misses you. The hound closely misses you.
Cleave: a) +0 broad axe
Press: ? - help, Dir - move target, f/p - hound
Aim: a hound (almost dead, haloed, about 35% to evade your +0 broad axe)
You hit the hound.
The hound is almost dead.
The hound bites you but does no damage. The hound closely misses you.
Cleave: a) +0 broad axe
Press: ? - help, Dir - move target, f/p - hound
Aim: a hound (almost dead, haloed, about 35% to evade your +0 broad axe)
You hit the hound but do no damage.
The hound is almost dead.
The hound bites you but does no damage.
Cleave: a) +0 broad axe
Press: ? - help, Dir - move target, f - black bear, p - hound
Aim: a black bear (haloed, about 15% to evade your +0 broad axe)
You barely miss the black bear.
Cleave: a) +0 broad axe
Press: ? - help, Dir - move target, f/p - black bear
Aim: a black bear (haloed, about 15% to evade your +0 broad axe)
You slash the black bear!
The black bear is moderately wounded.
The black bear bites you but does no damage.
The black bear barely misses you.
The black bear claws you but does no damage.
Cleave: a) +0 broad axe
Press: ? - help, Dir - move target, f/p - black bear
Aim: a black bear (moderately wounded, haloed, about 15% to evade your +0 broad axe)
You slash the black bear!
The black bear is heavily wounded.
The black bear bites you but does no damage.
The black bear barely misses you. x2
The black bear bites you but does no damage.
The black bear claws you but does no damage. x2
Cleave: a) +0 broad axe
Press: ? - help, Dir - move target, f/p - black bear
Aim: a black bear (heavily wounded, haloed, about 15% to evade your +0 broad axe)
You slash the black bear!
You kill the black bear!
The hound barely misses you.
Your Fighting skill increases to level 6!
Cleave: a) +0 broad axe
Press: ? - help, Dir - move target, f - hound
Aim: a hound (almost dead, haloed, about 33% to evade your +0 broad axe)
You completely miss the hound.
The hound is almost dead.
The hound closely misses you. The hound bites you but does no damage.
Cleave: a) +0 broad axe
Press: ? - help, Dir - move target, f/p - hound
Aim: a hound (almost dead, haloed, about 33% to evade your +0 broad axe)
You hit the hound but do no damage.
The hound is almost dead.
The hound bites you.
* * * LOW HITPOINT WARNING * * *
The hound bites you.
* * * LOW HITPOINT WARNING * * *
Cleave: a) +0 broad axe
Press: ? - help, Dir - move target, f/p - hound
Aim: a hound (almost dead, haloed, about 33% to evade your +0 broad axe)
You hit the hound.
You kill the hound!
The gnoll barely misses you.
Your Armour skill increases to level 5!
Cleave: a) +0 broad axe
Press: ? - help, Dir - move target, f - gnoll
Aim: a gnoll, wielding the +8 battleaxe "Yduquih" {drain, rElec Str+3 Int+2} and wearing a ring of positive energy (haloed, about 18% to evade your +0 broad axe)
You barely miss the gnoll.
The gnoll hits you with the +8 battleaxe "Yduquih" {drain, rElec Str+3 Int+2}!
* * * LOW HITPOINT WARNING * * *
Okay, then.
Press: ? - help, v - describe, . - travel, g - get item
Here: a gnoll, wielding the +8 battleaxe "Yduquih" {drain, rElec Str+3 Int+2} and wearing a ring of positive energy (haloed)
Items here: a +0 whip; a black bear corpse; a gnoll corpse.
An open door, spattered with blood.
Unknown command.
Okay, then.
Press: ? - help, v - describe, . - travel, g - get item
Here: a gnoll, wielding the +8 battleaxe "Yduquih" {drain, rElec Str+3 Int+2} and wearing a ring of positive energy (haloed)
Items here: a +0 whip; a black bear corpse; a gnoll corpse.
An open door, spattered with blood.
Unknown command.
Unknown command.
Press: ? - help, v - describe, . - travel, g - get item
Here: a gnoll, wielding the +8 battleaxe "Yduquih" {drain, rElec Str+3 Int+2} and wearing a ring of positive energy (haloed)
Items here: a +0 whip; a black bear corpse; a gnoll corpse.
An open door, spattered with blood.
Aiming: Mindburst
Press: ? - help, Shift-Dir - straight line, f/p - gnoll
Aim: a gnoll, wielding the +8 battleaxe "Yduquih" {drain, rElec Str+3 Int+2} and wearing a ring of positive energy (haloed, chance to affect: 72%)
Okay, then.
Unknown command.
You are illuminated by a small divine halo.
You are glowing.
Your movement speed is average.
Your attack delay is about 1.2.
Your damage rating with your +0 broad axe is about 18 (Base 13 x 115% (Str) x 124% (Skill)).
Unknown command.
Cleave: a) +0 broad axe
Press: ? - help, Dir - move target, f/p - gnoll
Aim: a gnoll, wielding the +8 battleaxe "Yduquih" {drain, rElec Str+3 Int+2} and wearing a ring of positive energy (haloed, about 18% to evade your +0 broad axe)
Okay, then.
Okay, then.
Aiming: Mindburst
Press: ? - help, Shift-Dir - straight line, f/p - gnoll
Aim: a gnoll, wielding the +8 battleaxe "Yduquih" {drain, rElec Str+3 Int+2} and wearing a ring of positive energy (haloed, chance to affect: 72%)
The gnoll's mind is blasted!
You hear an angry hiss.
The gnoll closely misses you.
Aiming: Mindburst
Press: ? - help, Shift-Dir - straight line, f/p - gnoll
Aim: a gnoll, wielding the +8 battleaxe "Yduquih" {drain, rElec Str+3 Int+2} and wearing a ring of positive energy (severely wounded, haloed, chance to affect: 72%)
The gnoll's mind is blasted!
You blow up the gnoll!
You close the door, pushing everything out of the way.
Things that are here:
a ring of positive energy; a ribbon worm corpse
c - a ring of positive energy The centaur shouts!
The centaur zaps a wand.
The puff of flame hits you but does no damage.
The centaur zaps a wand.
The puff of flame hits you but does no damage.
Press: ? - help, v - describe, . - travel
Here: a centaur, wielding a +0 shortbow and carrying a wand of flame (haloed)
The floor.
Throw: throwing net
Press: ? - help, Shift-Dir - straight line, f - centaur
Aim: a centaur, wielding a +0 shortbow and carrying a wand of flame (haloed, 89% to hit)
You throw a throwing net. The throwing net hits the centaur.
The centaur is caught in the net!
The centaur zaps a wand.
The puff of flame hits you!
You die...

..####.## #...#
#....|..# ##...#
........# #....#
##......####.#..#
..oW.........#..#
###.....######..#
##.#.##...##..#
...#####.....#..###
..gh...h.....#..@.#
...#####.....#.##.#
##...##.# c#
##g###.# .# #.#†..#
.# #)+).## .#
#.#†## .# #.### .#
...


You could see a centaur (caught).

Vanquished Creatures
  Pikel (D:5)
  2 black bears (D:5)
  A phantom (D:5)
  A scorpion (D:5)
  2 jellies (D:5)
  3 hounds
  Ijyb (D:3)
  2 orc wizards
  Robin (D:2)
  An adder (D:3)
  7 gnolls
  A shadow imp (D:5)
  3 ribbon worms
  3 dart slugs
  12 orcs
  5 ball pythons
  3 endoplasms
  2 giant cockroaches
  12 goblins
  7 hobgoblins
  3 jackals (D:2)
  5 kobolds
  2 quokkas (D:2)
  7 bats
  6 frilled lizards
  5 rats
98 creatures vanquished.

Vanquished Creatures (others)
  2 minotaurs (D:1)
  A draconian (D:1)
  An octopode (D:1)
  A gargoyle (D:1)
  A vine stalker (D:1)
  A troll (D:1)
  A spriggan (D:1)
  An elf (D:1)
  A naga (D:1)
  A barachi (D:1)
  A gnoll (D:1)
  8 tentacles (D:1)
20 creatures vanquished.

Grand Total: 118 creatures vanquished

Notes
Turn   | Place    | Note
-------+----------+-------------------------------------------
     0 | D:1      | jagoly the Gargoyle Monk began the quest for the Orb.
     0 | D:1      | Reached XP level 1. HP: 14/14 MP: 1/1
     0 | D:1      | Noticed a spriggan
     0 | D:1      | Noticed a gargoyle
     0 | D:1      | Noticed an octopode
     0 | D:1      | Noticed a naga
     0 | D:1      | Noticed a draconian
     0 | D:1      | Noticed a kraken
     0 | D:1      | Noticed a vine stalker
     0 | D:1      | Noticed an elf
     0 | D:1      | Noticed a minotaur
     0 | D:1      | Noticed a troll
     0 | D:1      | Noticed a minotaur
     0 | D:1      | Noticed a barachi
     5 | D:1      | Killed a vine stalker
     5 | D:1      | Killed a minotaur
     7 | D:1      | Killed a troll
     7 | D:1      | Killed an octopode
    10 | D:1      | Killed a barachi
    10 | D:1      | Killed a draconian
    10 | D:1      | Killed a spriggan
    10 | D:1      | Killed a naga
    11 | D:1      | Killed an elf
    13 | D:1      | Killed a minotaur
    16 | D:1      | Killed a gargoyle
   247 | D:2      | Reached XP level 2. HP: 19/19 MP: 2/2
   288 | D:2      | Noticed Robin
   306 | D:2      | Reached skill level 1 in Stealth
   308 | D:2      | Killed Robin
   309 | D:2      | Reached skill level 1 in Armour
   309 | D:2      | Reached XP level 3. HP: 6/23 MP: 3/3
   389 | D:2      | Found Ypluhim's Antique Weapon Shoppe.
   563 | D:2      | Found Teorrin's Armour Shoppe.
   586 | D:2      | Found Eruaqouwer's General Store.
   607 | D:2      | Bought a scroll of identify for 24 gold pieces
   666 | D:3      | Reached XP level 4. HP: 21/29 MP: 4/4
   991 | D:4      | Noticed Edmund
  1004 | D:5      | Entered Level 5 of the Dungeon
  1080 | D:4      | Reached XP level 5. HP: 26/33 MP: 5/5
  1408 | D:5      | Reached XP level 6. HP: 39/39 MP: 6/6
  1600 | D:3      | Noticed Ijyb
  1608 | D:3      | Killed Ijyb
  1840 | D:4      | Noticed Dowan
  1841 | D:4      | Noticed Duvessa
  1907 | D:5      | Noticed a black bear
  1914 | D:5      | Killed a black bear
  1994 | D:5      | Reached skill level 5 in Axes
  1994 | D:5      | Reached XP level 7. HP: 42/44 MP: 7/7
  2021 | D:5      | Reached skill level 5 in Fighting
  2070 | D:6      | Noticed a steam dragon
  2122 | D:5      | Noticed Pikel
  2133 | D:5      | Killed Pikel
  2134 | D:5      | Reached XP level 8. HP: 26/51 MP: 8/8
  2140 | D:5      | Identified the +8 battleaxe "Yduquih" {drain, rElec Str+3
                  | Int+2}
  2160 | D:5      | Reached skill level 5 in Armour
  2171 | D:5      | Killed from afar by a centaur

Illustrated notes

Levels and vault maps discovered:
D:1:      nicolae_arrival_kraken_aquarium_a, layout_basic, minmay_fountain_box,
          serial_park_tiny_1, chequers_serial_rivers_small_3
D:2:      kennysheep_six_static_rooms, layout_basic, serial_shops, shop,
          shop_statue, shop, uniq_robin
D:3:      layout_basic, uniq_ijyb
D:4:      layout_basic, uniq_duvessa, uniq_edmund
D:5:      minmay_octagon_keep, layout_rooms, grunt_temple_overflow_open,
          uniq_pikel
D:6:      layout_gridville, uniq_maggie, uniq_jeremiah

Skill      XL: |  1  2  3  4  5  6  7  8 |
---------------+-------------------------+-----
Axes           | 3 4 5 6 |  6.7
Stealth        | 1 |  1.0
Armour         | 1 2 3 4 5 |  5.0
Fighting       | 4 5 6 |  6.1
Dodging        | 3 |  3.0

Action                     |  1- 3 |  4- 6 |  7- 9 || total
---------------------------+-------+-------+-------++-------
  Melee: Hand axe          |    94 |   135 |       ||   229
         Broad axe         |       |    63 |    45 ||   108
  Throw: Dart              |       |     2 |       ||     2
         Stone             |       |     7 |       ||     7
         Throwing net      |       |     1 |     1 ||     2
  Evoke: Wand              |       |       |     2 ||     2
    Use: Scroll            |     2 |     2 |       ||     4
         Potion            |       |       |     1 ||     1
 Armour: Chain mail        |    76 |   175 |    57 ||   308
         Robe              |     4 |       |       ||     4
  Dodge: Dodged            |    26 |    91 |    25 ||   142
